 Dungeon Crawl Stone Soup version 0.29-a0-925-g0a7a3d12f8 (webtiles) character file.

Game seed: 118863394088198478

339669 ragingrage the Severer (level 21, -7/146 HPs)
             Began as a Gargoyle Artificer on July 28, 2022.
             Was the Champion of Okawaru.
             Mangled by a spriggan berserker
             ... wielding a +0 antimagic war axe
              (18 damage)
             ... on level 2 of the Depths.
             The game lasted 01:26:13 (47109 turns).

ragingrage the Severer (Gargoyle Artificer)        Turns: 47109, Time: 01:26:14

Health: -7/146     AC: 40    Str: 31    XL:     21   Next: 97%
Magic:  0/28       EV: 16    Int: 19    God:    Okawaru [******]
Gold:   3443       SH:  0    Dex: 12    Spells: 20/20 levels left

rFire   + + +      SeeInvis +   a - +3 battleaxe (vamp)
rCold   + + +      Faith    .   (shield currently unavailable)
rNeg    + + +      Spirit   .   H - +2 plate armour {rF+}
rPois   ∞          Reflect  .   V - +0 hat "Surphuen" {rPois rC- Int+4 SInv}
rElec   +          Harm     .   h - +1 cloak of Starlight {*Dazzle EV+4 Stlth--}
rCorr   +          Rampage  .   N - +2 pair of gloves of Ruelim {rElec rC++ rN++}
Will    ++...                   Z - +3 pair of boots "Yjimaxta" {rPois rF+ rC+}
Stlth   ..........              y - amulet of Vitality {RegenMP++ Regen++}
HPRegen 1.94/turn               X - ring "Ydgheum" {rF+ rC+ Will+ rCorr Str+3}
MPRegen 1.01/turn               I - +6 ring of strength

@: marked, flying
A: sickness immunity, AC +16, big wings, negative energy resistance 1,
electricity resistance, torment resistance 1, petrification resistance, deformed
body
}: 2/15 runes: serpentine, barnacled
a: Renounce Religion, Heroism, Finesse, Duel


You were on level 2 of the Depths.
You worshipped Okawaru.
Okawaru was exalted by your worship.
You visited 8 branches of the dungeon, and saw 37 of its levels.
You visited the Abyss 2 times.
You also visited: Ossuary and Ice Cave.

You collected 4199 gold pieces.
You spent 756 gold pieces at shops.

Inventory:

Hand Weapons
 a - a +3 vampiric battleaxe (weapon)
 b - the +8 storm bow {elec, penet}
   (You found it on level 3 of the Elven Halls)

   Any ammunition fired from it occasionally discharges a powerful burst of
   electricity upon striking a foe.
   Any ammunition fired by it passes through the targets it hits, potentially
   hitting all targets in its path until it reaches maximum range.
 v - the +5 executioner's axe of the Solstice {vorpal, Str+8 Dex+4}
   (Okawaru gifted it to you on level 3 of the Lair of Beasts)

   It inflicts extra damage upon your enemies.
   Str:       It affects your strength (+8).
   Dex:       It affects your dexterity (+4).
 U - a +8 battleaxe of electrocution
Missiles
 t - 5 curare-tipped darts
 w - 29 javelins (quivered)
 F - 9 boomerangs of dispersal
 G - 13 silver javelins
Armour
 h - the +1 cloak of Starlight (worn) {*Dazzle EV+4 Stlth--}
   (You bought it in a shop on level 1 of the Elven Halls)

   It may blind those who miss an attack against the wearer in melee combat.
   EV:        It affects your evasion (+4).
   Stlth:     It makes you much less stealthy.
 k - a +2 helmet
 H - a +2 plate armour of fire resistance (worn)
 N - the +2 pair of gloves of Ruelim (worn) {rElec rC++ rN++}
   (Okawaru gifted it to you on level 11 of the Dungeon)

   rC:        It greatly protects you from cold.
   rElec:     It insulates you from electricity.
   rN:        It greatly protects you from negative energy.
 V - the +0 hat "Surphuen" (worn) {rPois rC- Int+4 SInv}
   (Okawaru gifted it to you on level 3 of the Abyss)

   Int:       It affects your intelligence (+4).
   rC:        It makes you vulnerable to cold.
   rPois:     It protects you from poison.
   SInv:      It lets you see invisible.
 Z - the +3 pair of boots "Yjimaxta" (worn) {rPois rF+ rC+}
   (Okawaru gifted it to you on level 4 of the Snake Pit)

   rF:        It protects you from fire.
   rC:        It protects you from cold.
   rPois:     It protects you from poison.
Jewellery
 y - the amulet of Vitality (around neck) {RegenMP++ Regen++}
   (You found it on level 9 of the Dungeon)

   [amulet of magic regeneration]

   It increases your rate of magic regeneration.
   Regen:     It increases your rate of health regeneration.
 I - a +6 ring of strength (right hand)
 X - the ring "Ydgheum" (left hand) {rF+ rC+ Will+ rCorr Str+3}
   (You found it on level 3 of the Elven Halls)

   [ring of protection from cold]

   Str:       It affects your strength (+3).
   rF:        It protects you from fire.
   rC:        It protects you from cold.
   rCorr:     It protects you from acid and corrosion.
   Will:      It increases your willpower.
Wands
 e - a wand of iceblast (35)
 r - a wand of quicksilver (2)
 u - a wand of polymorph (32)
 J - a wand of mindburst (11)
 P - a wand of digging (17)
 S - a wand of flame (57)
Scrolls
 d - 4 scrolls of magic mapping
 g - 12 scrolls of poison
 l - a scroll of silence
 n - 13 scrolls of immolation
 p - 15 scrolls of teleportation
 z - 2 scrolls of amnesia
 C - 2 scrolls of blinking
 D - 3 scrolls of brand weapon
 L - 4 scrolls of fear
 R - a scroll of enchant armour
 W - 4 scrolls of torment
 Y - 2 scrolls of enchant weapon
Potions
 c - 2 potions of invisibility
 i - 5 potions of attraction
 j - 7 potions of heal wounds
 m - 5 potions of mutation
 o - 8 potions of resistance
 q - 6 potions of magic
 s - 2 potions of cancellation
 x - 8 potions of curing
 A - 6 potions of lignification
 B - 7 potions of might
 E - 7 potions of ambrosia
 M - 7 potions of haste
 Q - 2 potions of berserk rage
 T - 4 potions of brilliance
Miscellaneous
 f - a tin of tremorstones (2/2)


   Skills:
 - Level 20.0 Fighting
 - Level 20.2 Axes
 + Level 9.5 Ranged Weapons
 - Level 6.0 Throwing
 - Level 15.0 Armour
 + Level 10.7 Dodging
 - Level 1.1 Stealth
 - Level 10.0 Invocations
 - Level 16.0 Evocations


You had 20 spell levels left.
You didn't know any spells.
Your spell library contained the following spells:

 Spells                   Type           Power      Damage    Failure   Level
 Apportation              Tloc           0%         N/A       71%         1
 Magic Dart               Conj           0%         1d3       71%         1
 Sandblast                Erth           0%         2d4       71%         1
 Shock                    Conj/Air       0%         1d3       71%         1
 Blink                    Tloc           0%         N/A       85%         2
 Ensorcelled Hibernation  Hex/Ice        0%         N/A       85%         2
 Passwall                 Tmut/Erth      0%         N/A       85%         2
 Searing Ray              Conj           0%         2d4       85%         2
 Static Discharge         Conj/Air       0%         3-3/arc   85%         2
 Frozen Ramparts          Ice            0%         1d2       97%         3
 Gell's Gravitas          Tloc           0%         N/A       97%         3
 Mephitic Cloud           Conj/Pois/Air  0%         N/A       97%         3
 Ozocubu's Armour         Ice            0%         N/A       97%         3
 Stone Arrow              Conj/Erth      0%         3d7       97%         3
 Teleport Other           Tloc           0%         N/A       97%         3
 Corpse Rot               Necr/Pois/Air  0%         N/A       100%        4
 Dispel Undead            Necr           0%         3d6       100%        4
 Fulminant Prism          Conj/Hex       0%         3d6       100%        4
 Ice Form                 Ice/Tmut       0%         N/A       100%        4
 Iskenderun's Mystic Bla  Conj/Tloc      0%         2d3       100%        4
 Leda's Liquefaction      Hex/Erth       0%         N/A       100%        4
 Passage of Golubria      Tloc           0%         N/A       100%        4
 Alistair's Intoxication  Tmut/Pois      0%         N/A       100%        5
 Borgnjor's Vile Clutch   Necr/Erth      0%         N/A       100%        5
 Fireball                 Conj/Fire      0%         3d3       100%        5
 Freezing Cloud           Conj/Ice/Air   0%         6-21      100%        5
 Iskenderun's Battlesphe  Conj           0%         2d6       100%        5
 Lee's Rapid Deconstruct  Erth           0%         3d5*      100%        5
 Manifold Assault         Tloc           0%         N/A       100%        5
 Metabolic Englaciation   Hex/Ice        0%         N/A       100%        5
 Yara's Violent Unravell  Hex/Tmut       0%         3d3       100%        5
 Conjure Ball Lightning   Conj/Air       0%         3x3d6     100%        6
 Dispersal                Tloc           0%         N/A       100%        6
 Eringya's Noxious Bog    Tmut/Pois      0%         N/A       100%        6
 Orb of Destruction       Conj           0%         9d5       100%        7
 Ozocubu's Refrigeration  Ice            0%         4d5       100%        7
 Storm Form               Tmut/Air       0%         N/A       100%        7
 Borgnjor's Revivificati  Necr           0%         N/A       100%        8
 Discord                  Hex            0%         N/A       100%        8
 Disjunction              Tloc           0%         N/A       100%        8
 Necromutation            Tmut/Necr      0%         N/A       100%        8
 Chain Lightning          Conj/Air       0%         N/A       100%        9
 Death's Door             Necr           0%         N/A       100%        9
 Fire Storm               Conj/Fire      0%         5d1       100%        9
 Shatter                  Erth           0%         3d5*      100%        9
 Call Imp                 Summ           Unusable   N/A       N/A         2
 Tukima's Dance           Hex            Unusable   N/A       N/A         3
 Summon Ice Beast         Ice/Summ       Unusable   N/A       N/A         4
 Death Channel            Necr           Unusable   N/A       N/A         6
 Simulacrum               Ice/Necr       Unusable   N/A       N/A         6
 Statue Form              Tmut/Erth      Unusable   N/A       N/A         6
 Haunt                    Necr/Summ      Unusable   N/A       N/A         7

Dungeon Overview and Level Annotations

Branches:
Dungeon (15/15)            Temple (1/1) D:4            Lair (5/5) D:8
 Shoals (4/4) Lair:3        Snake (4/4) Lair:3        Slime (0/5) Lair:4
    Orc (2/2) D:12            Elf (3/3) Orc:2        Vaults (0/5) D:13
 Depths (3/4) D:15        Ossuary (visited)           IceCv (visited)

Altars:
Ashenzari
Cheibriados
Dithmenos
Elyvilon
Fedhas
Gozag
Hepliaklqana
Kikubaaqudgha
Makhleb
Nemelex Xobeh
Okawaru
Qazlal
Ru
Sif Muna
Trog
Uskayaw
Vehumet
Wu Jian
Xom
Yredelemnul
Zin
The Shining One
Jiyva

Shops:
D:6 [   D:8 *   D:12 *   Orc:2 [[[[   Elf:1 [=   Elf:3 (   Shoals:2 [
Depths:2 =:=

Portals:
Hell: Depths:1 Depths:2
Abyss: Depths:1
Pandemonium: Depths:1 Depths:2
Ziggurat: Depths:2

Annotations:
D:1 exclusion: downstairs
D:2 exclusion: downstairs
D:8 exclusion: downstairs
D:11 1 runed translucent door, Gus979's ghost, journeyman DsFi
Lair:4 2 runed translucent doors, Muuss's ghost, adept GnHW
Shoals:2 1 runed translucent door, Wano's ghost, adept DrTm
Snake:2 3 runed translucent doors, Ylieph's ghost, journeyman DECj
Elf:2 3 runed translucent doors


Innate Abilities, Weirdness & Mutations

You are immune to sickness and miasma.
Your stone body is resilient. (AC +16)
You are immune to poison.
Your large and strong wings let you fly.
You resist negative energy. (rN+)
You are resistant to electric shocks. (rElec)
You are resistant to unholy torment.
You are immune to petrification.
Armour fits poorly on your strangely shaped body.


Message History

You barely miss the spriggan berserker.
The spriggan air mage waves its arms in wide circles.
The air twists around and strikes you.
The death yak rages.
The spriggan berserker hits you with a +0 antimagic war axe!!
You feel your power leaking away.
The polar bear rages.
You slice the spriggan berserker!!
The spriggan berserker is moderately wounded.
The spriggan air mage waves its arms in wide circles.
The air twists around and strikes you.
The spriggan berserker hits you with a +0 antimagic war axe!!
You closely miss the spriggan berserker.
The spriggan berserker is moderately wounded.
The spriggan berserker hits you but does no damage.
A fire giant comes into view.
It is wielding a +0 great sword of flaming.
The spriggan berserker hits you with a +0 antimagic war axe!!
* * * LOW HITPOINT WARNING * * *
You feel your power leaking away.
You fly upwards.
The polar bear is no longer berserk.
The polar bear disappears in a puff of smoke!
There is a stone staircase leading down here.
Unknown command.
You slash the spriggan berserker!
You feel better.
The spriggan berserker is moderately wounded.
The spriggan berserker splashes around in the water.
You barely miss the spriggan berserker.
The spriggan berserker is moderately wounded.
The spriggan berserker splashes around in the water.
You closely miss the spriggan berserker.
The spriggan berserker is moderately wounded.
The spriggan berserker hits you with a +0 antimagic war axe!!
* * * LOW HITPOINT WARNING * * *
You feel your power leaking away.
You feel much better.
The spriggan berserker hits you with a +0 antimagic war axe!!
* * * LOW HITPOINT WARNING * * *
You feel your power leaking away.
The spriggan berserker hits you with a +0 antimagic war axe!!
You die...

.....(....≈≈.......'.......[♣♣...
...#..[............'.......)♣♣...
...#...............#.......♣..♣..
...##..............#.............
...##..............#.............
#####.........≈≈...##............
#.>≈≈≈≈≈≈≈≈≈≈...###...........
#...≈≈≈≈≈≈≈≈≈i..#.##..........
###.≈........@....≈##.........
#.................≈≈##........
##....)........≈≈≈≈≈.####''###
#.............≈...≈≈...≈.....
##.#..............≈..........
#..##........................
#..##........................
#.###...#....................
♣)♣#....#....................


You could see a spriggan berserker (berserk, regenerating, strong-willed).

Vanquished Creatures
  Sojobo (Depths:2)
  Bai Suzhen (Depths:1)
  A tentacled monstrosity (Abyss:2)
  Jorgrun (Shoals:1)
  A lich (Abyss:3)
  2 deep elf master archers (Elf:3)
  2 deep elf blademasters (Elf:3)
  2 krakens (Shoals:2)
  Frances (Elf:1)
  The ghost of Ciawup the Severer, an adept MiBe of Trog (Snake:3)
  Agnes (Snake:3)
  2 tentacled starspawn
  Polyphemus (Shoals:2)
  A sphinx (Depths:1)
  2 tengu reavers (Depths:2)
  Kirke (Lair:3)
  Roxanne (Shoals:1)
  Donald (Shoals:2)
  A daeva (Abyss:3)
  3 nagarajas (Snake:4)
  Ilsuiw (Shoals:2)
  5 fire giants
  A rockslime (IceCv)
  3 azure jellies (IceCv)
  An orc warlord (Orc:1)
  4 frost giants
  5 deep elf sorcerers (Elf:3)
  Aizul (Shoals:1)
  6 deep elf elementalists
  6 very ugly things (Depths:1)
  3 quicksilver oozes (IceCv)
  3 spriggan defenders (Depths:2)
  10 stone giants
  7 deep elf demonologists
  Azrael (Elf:1)
  A dire elephant (D:15)
  5 deep elf annihilators (Elf:3)
  12 merfolk impalers
  3 ettins (Depths:1)
  6 fire dragons
  8 merfolk javelineers
  6 deep elf death magi
  Fannar (D:11)
  2 deep elf high priests (Elf:3)
  5 hydras
  4 rakshasas
  2 boulder beetles (D:13)
  An ogre mage (D:12)
  2 ice dragons (Depths:2)
  2 catoblepae
  5 spriggan air magi
  2 alligator snapping turtles (Shoals:4)
  2 salamander tyrants (Snake:4)
  8 centaur warriors
  8 merfolk aquamancers
  A death knight (D:13)
  29 naga warriors
  4 merfolk avatars
  10 anacondas
  A deep troll earth mage (Depths:2)
  4 tengu warriors
  9 death yaks
  4 two-headed ogres
  The ghost of gdog the Covert, a novice GnDe (D:9)
  2 deep troll shamans
  A satyr (Shoals:4)
  21 dancing weapons
  7 shock serpents
  14 naga sharpshooters
  9 thrashing horrors
  Urug (D:11)
  4 spriggan berserkers (Depths:2)
  13 hell knights
  2 sun demons
  A skeletal warrior (D:13)
  A wretched star (Abyss:2)
  10 deep elf knights
  8 salamander mystics
  A titan skeleton (Depths:1)
  3 iron trolls (Depths:1)
  A fire crab (Lair:5)
  Lodul (D:14)
  A death drake (shapeshifter) (D:14)
  14 sea snakes
  A death drake (Abyss:2)
  7 naga ritualists
  8 deep trolls
  11 deep elf archers
  8 starcursed masses
  3 orange crystal statues (IceCv)
  A lindwurm (Lair:5)
  2 wizards
  Pikel (D:7)
  6 phantasmal warriors
  3 necromancers
  27 deep elf pyromancers
  A golden dragon skeleton (Depths:1)
  2 orc knights (Orc:2)
  23 deep elf zephyrmancers
  2 wolf spiders
  16 ugly things
  11 mana vipers
  A shining eye (Abyss:3)
  17 salamanders
  9 cyclopes
  16 manticores
  2 worldbinders (Abyss:3)
  A guardian serpent (shapeshifter) (D:11)
  2 ice statues (Elf:3)
  4 guardian serpents
  11 water nymphs
  8 elephants
  24 naga magi
  54 black mambas
  16 cane toads
  A torpor snail (Lair:4)
  An unseen horror (D:12)
  6 merfolk sirens
  A spriggan zombie (Depths:1)
  2 kobold demonologists
  A gargoyle (D:12)
  An unseen horror (shapeshifter) (D:12)
  10 komodo dragons
  6 yaktaurs
  2 ancient zymes
  3 tengu conjurers
  A meliai (shapeshifter) (D:13)
  29 merfolk
  5 very ugly thing simulacra (IceCv)
  4 trolls
  Prince Ribbit (D:8)
  7 hornets
  2 harpy skeletons
  4 wind drakes
  3 meliai
  A queen bee (shapeshifter) (Abyss:2)
  A raiju (Abyss:2)
  28 slime creatures
  9 blink frogs
  10 snapping turtles
  13 dream sheep
  Sigmund (D:3)
  A vampire (D:14)
  12 spriggans (Lair:5)
  2 air elementals (Elf:3)
  13 water elementals
  A shadow (D:9)
  71 yaks
  5 fire bats (Lair:4)
  6 wyverns
  2 hogs (Lair:3)
  4 basilisks
  A wraith (D:13)
  3 humans
  2 neqoxecs (Abyss:2)
  4 steam dragons
  Grum (D:8)
  6 fire elementals
  A chaos spawn (Abyss:2)
  4 vampire mosquitoes (D:15)
  5 wargs
  38 nagas
  An acid dragon (D:11)
  3 large abominations
  A hell hound (Elf:1)
  17 water moccasins
  A floating eye (Depths:2)
  2 sky beasts
  4 ugly thing simulacra (IceCv)
  3 ice beasts
  8 black bears
  38 orc warriors
  12 ogres
  37 wolves
  5 boggarts
  35 centaurs
  3 lemures (D:7)
  18 bullfrogs
  3 kobold brigands
  3 necrophages
  4 small abominations (Abyss:2)
  4 earth elementals
  3 scorpions (D:7)
  11 wights
  10 killer bees
  3 electric eels
  5 howler monkeys
  A centaur zombie (Ossuary)
  A human zombie (Ossuary)
  7 lava snakes
  A gnoll bouda (D:5)
  4 jellies
  7 orc priests
  Crazy Yiuf (D:7)
  4 hounds
  2 iguanas
  21 orc wizards
  2 mummies (Ossuary)
  8 gnolls
  5 adders
  A shadow imp (D:7)
  4 white imps
  2 ufetubi
  3 adder zombies (Ossuary)
  A worm (D:4)
  A dart slug (D:4)
  67 orcs
  6 endoplasms
  2 giant cockroaches (D:1)
  15 goblins
  12 hobgoblins
  24 jackals
  5 quokkas
  7 ball pythons
  10 bats
  2 frilled lizards
  A goblin zombie (Ossuary)
  5 hobgoblin zombies (Ossuary)
  2 jackal zombies (Ossuary)
  11 kobolds
  11 kobold zombies (Ossuary)
  10 orc zombies (Ossuary)
  5 rats
  2 rat zombies (Ossuary)
  4 bushes (Shoals:1)
  A butterfly (D:4)
  2 lurking horrors (Abyss:2)
  2 starspawn tentacles (Abyss:2)
  6 tentacles (Shoals:2)
1502 creatures vanquished.

Vanquished Creatures (collateral kills)
  A deep troll (D:9)
  A yak (D:8)
  2 wights
  A killer bee (D:8)
  A howler monkey (D:7)
  An orc wizard (D:7)
  Robin (D:2)
  2 orcs (D:7)
  A goblin (D:2)
  A hobgoblin (D:2)
  A quokka (D:3)
13 creatures vanquished.

Vanquished Creatures (others)
  2 deep elf knights
  A deep troll (D:9)
  2 deep elf zephyrmancers (Elf:1)
  A starcursed mass (Abyss:3)
  A yak (D:8)
  A bullfrog (D:7)
  A wight (D:9)
  An electric eel (Lair:5)
  A hound (D:5)
  Jessica (D:2)
  An orc wizard (D:8)
  2 adders
  A bush (Lair:2)
  27 fungi
  A lurking horror (Abyss:3)
  85 plants
  4 starspawn tentacles
  8 tentacles (Shoals:2)
141 creatures vanquished.

Grand Total: 1656 creatures vanquished

Notes
Turn   | Place    | Note
-------+----------+-------------------------------------------
     0 | D:1      | ragingrage the Gargoyle Artificer began the quest for the
                  | Orb.
     0 | D:1      | Reached XP level 1. HP: 12/12 MP: 1/1
   395 | D:1      | Reached XP level 2. HP: 17/17 MP: 2/2
  1089 | D:1      | You fall into a shaft and drop 1 floor!
  1157 | D:2      | Reached XP level 3. HP: 19/21 MP: 3/3
  2103 | D:1      | Reached XP level 4. HP: 14/27 MP: 4/4
  3093 | D:2      | Found a faded altar of an unknown god.
  3185 | D:2      | Noticed Jessica
  3187 | D:2      | Noticed Robin
  3195 | D:2      | Killed Robin
  3203 | D:2      | Your ally Jessica died
  3859 | D:2      | Reached XP level 5. HP: 24/33 MP: 5/5
  4072 | D:3      | Noticed Sigmund
  5343 | D:3      | Reached skill level 1 in Axes
  5425 | D:3      | Killed Sigmund
  5426 | D:3      | Reached XP level 6. HP: 38/38 MP: 6/6
  5757 | D:4      | Reached skill level 5 in Evocations
  5757 | D:4      | Reached XP level 7. HP: 43/43 MP: 7/7
  5809 | D:4      | Found a sand-covered staircase.
  5821 | Ossuary  | Entered an ossuary
  6422 | D:4      | Found a staircase to the Ecumenical Temple.
  6462 | D:4      | Identified the +7 dagger "Nassunt" {holy, *Corrode rElec
                  | rF+ rN+}
  6470 | Temple   | Entered the Ecumenical Temple
  7071 | D:5      | Entered Level 5 of the Dungeon
  7256 | D:5      | Reached skill level 5 in Axes
  7256 | D:5      | Reached XP level 8. HP: 20/48 MP: 8/8
  8214 | D:6      | Found Fiokargh's Armour Shoppe.
  8228 | D:6      | Noticed a troll
  8230 | D:6      | Killed a troll
  8257 | D:6      | Found a burning altar of Makhleb.
  9219 | D:6      | Identified the +0 pair of boots "Hudwiug" {rPois Str+5
                  | Dex-4}
  9365 | D:7      | Reached XP level 9. HP: 49/52 MP: 9/9
 11074 | D:7      | Noticed a hornet
 11099 | D:7      | Killed a hornet
 11247 | D:7      | Noticed Pikel
 11262 | D:7      | Killed Pikel
 11263 | D:7      | Reached skill level 10 in Axes
 11263 | D:7      | Reached XP level 10. HP: 49/56 MP: 10/10
 11440 | D:7      | Found a runed translucent door.
 11441 | D:7      | Noticed Crazy Yiuf
 11953 | D:8      | Found a glowing golden altar of the Shining One.
 12354 | D:8      | Found a sparkling altar of Nemelex Xobeh.
 12355 | D:8      | Found a sacrificial altar of Ru.
 12355 | D:8      | Found an opulent altar of Gozag.
 12356 | D:8      | Found a shimmering blue altar of Sif Muna.
 12356 | D:8      | Found Saew's CLEARANCE SALE!.
 12556 | D:8      | Bought a phantom mirror for 160 gold pieces
 13126 | D:8      | Noticed Grum
 13570 | D:8      | Killed Grum
 13571 | D:8      | Reached XP level 11. HP: 47/61 MP: 11/11
 14036 | D:8      | Found a staircase to the Lair.
 14232 | D:8      | Found an ancient bone altar of Kikubaaqudgha.
 14233 | D:8      | Found a white marble altar of Elyvilon.
 14236 | D:8      | Found an ornate altar of the Wu Jian Council.
 14877 | D:9      | Noticed Prince Ribbit
 15450 | D:8      | Killed Prince Ribbit
 15726 | D:9      | Noticed a two-headed ogre
 15746 | D:9      | Killed a two-headed ogre
 15747 | D:9      | Reached skill level 5 in Fighting
 16095 | D:9      | Noticed a deep troll
 16095 | D:9      | Noticed a deep troll
 16105 | D:9      | Killed a deep troll
 16112 | D:9      | Noticed a deep troll
 16117 | D:9      | Killed a deep troll
 16119 | D:9      | Noticed a deep troll
 16463 | D:9      | Killed a deep troll
 16675 | D:9      | Found a runed translucent door.
 16675 | D:9      | Noticed gdog's ghost (novice GnDe)
 16879 | D:9      | Found the amulet of Vitality {RegenMP++ Regen++}
 17116 | D:7      | Killed Crazy Yiuf
 17493 | D:10     | Entered Level 10 of the Dungeon
 17532 | D:10     | Found an iron altar of Okawaru.
 17549 | D:10     | Became a worshipper of Warmaster Okawaru
 17676 | D:10     | Reached skill level 10 in Evocations
 17765 | D:10     | Reached * piety under Okawaru
 17865 | D:10     | Noticed a two-headed ogre
 17873 | D:10     | Killed a two-headed ogre
 17874 | D:10     | Reached XP level 12. HP: 55/68 MP: 12/12
 17884 | D:10     | Found a shadowy altar of Dithmenos.
 18073 | D:10     | Reached ** piety under Okawaru
 18330 | Lair:1   | Entered Level 1 of the Lair of Beasts
 18544 | Lair:1   | Reached skill level 15 in Axes
 18548 | Lair:1   | Reached *** piety under Okawaru
 18825 | Lair:1   | Noticed a five-headed hydra
 18840 | Lair:1   | Killed a one-headed hydra
 18989 | Lair:1   | Reached **** piety under Okawaru
 19025 | Lair:1   | Noticed a catoblepas
 19042 | Lair:1   | Killed a catoblepas
 19537 | Lair:2   | Reached XP level 13. HP: 69/72 MP: 13/13
 20143 | Lair:2   | Reached ***** piety under Okawaru
 20302 | Lair:3   | Found a bloodstained altar of Trog.
 20394 | Lair:3   | Noticed Kirke
 20470 | Lair:3   | Noticed a sphinx
 20472 | Lair:3   | Killed Kirke
 20472 | Lair:3   | Received a gift from Okawaru
 20563 | Lair:3   | Found a staircase to the Shoals.
 20787 | Lair:3   | Found a staircase to the Snake Pit.
 20849 | Lair:3   | Identified the +5 executioner's axe of the Solstice
                  | {vorpal, Str+8 Dex+4} (Okawaru gifted it to you on level 3
                  | of the Lair of Beasts)
 20849 | Lair:3   | Received a gift from Okawaru
 21344 | Lair:4   | Found a large runed translucent door.
 21344 | Lair:4   | Found a large runed translucent door.
 21345 | Lair:4   | Noticed Muuss's ghost (adept GnHW)
 21526 | Lair:4   | Gained mutation: Your large and strong wings let you fly.
                  | [Gargoyle growth]
 21526 | Lair:4   | Reached XP level 14. HP: 28/78 MP: 14/14
 21774 | Lair:4   | Received a gift from Okawaru
 21991 | Lair:4   | Found a viscous altar of Jiyva.
 21991 | Lair:4   | Found a staircase to the Slime Pits.
 22168 | Lair:5   | Entered Level 5 of the Lair of Beasts
 22392 | Lair:5   | Reached ****** piety under Okawaru
 22560 | Lair:5   | Reached skill level 1 in Dodging
 22611 | Lair:5   | Reached skill level 1 in Invocations
 22639 | Lair:5   | Got Woept's Compilation of the Dynamic Oath
 23847 | D:9      | Killed gdog's ghost
 23951 | D:11     | Found a runed translucent door.
 23952 | D:11     | Noticed Gus979's ghost (journeyman DsFi)
 24095 | D:11     | Noticed Urug
 24111 | D:11     | Killed Urug
 24361 | D:11     | Identified the +2 pair of gloves of Ruelim {rElec rC++
                  | rN++} (Okawaru gifted it to you on level 11 of the Dungeon)
 24361 | D:11     | Received a gift from Okawaru
 24421 | D:11     | Noticed Fannar
 24434 | D:11     | Killed Fannar
 24435 | D:11     | Reached XP level 15. HP: 84/84 MP: 16/18
 24778 | D:12     | Found a staircase to the Orcish Mines.
 24824 | D:12     | Found the +3 giant club "Skullcrusher" {speed, Str+7}
 24933 | D:12     | Reached skill level 5 in Armour
 24990 | D:12     | Identified the +6 rapier of the Hidden Loafs {freeze,
                  | rCorr}
 24994 | D:12     | Identified the ring of the Evil One {Str+5 Int+6}
 25115 | D:12     | Found Maeroet's Changing Room.
 25134 | D:12     | Bought a potion of mutation for 104 gold pieces
 25178 | D:12     | Reached skill level 5 in Invocations
 25207 | D:12     | Identified the +1 ring mail of Sloth {Regen+ Dex+6}
 25585 | D:12     | Found a hide-covered altar of Uskayaw.
 25685 | Orc:1    | Entered Level 1 of the Orcish Mines
 25703 | Orc:1    | Noticed an orc warlord
 25751 | Orc:1    | Killed an orc warlord
 26019 | Orc:2    | Entered Level 2 of the Orcish Mines
 26106 | Orc:2    | Found a staircase to the Elven Halls.
 26768 | Orc:2    | Found Nateupig's Antique Armour Boutique.
 26768 | Orc:2    | Found Duille Houxu's Armour Emporium.
 26768 | Orc:2    | Found Koyd's Antique Armour Shoppe.
 26771 | Orc:2    | Found Fareacla's Armour Shop.
 26778 | Orc:2    | Bought a shiny helmet for 157 gold pieces
 27063 | D:13     | Reached skill level 5 in Dodging
 27129 | D:13     | Reached skill level 1 in Throwing
 27170 | D:13     | Received a gift from Okawaru
 27653 | D:13     | Found a gate to the Vaults.
 27844 | D:14     | Found a radiant altar of Vehumet.
 28094 | D:14     | Received a gift from Okawaru
 28312 | D:14     | Noticed Lodul
 28322 | D:14     | Killed Lodul
 28343 | D:14     | Reached XP level 16. HP: 62/96 MP: 19/19
 29019 | D:15     | Entered Level 15 of the Dungeon
 29290 | D:15     | Reached skill level 10 in Fighting
 29677 | D:15     | Received a gift from Okawaru
 29678 | D:15     | Found a staircase to the Depths.
 29835 | D:15     | Received a gift from Okawaru
 30343 | Snake:1  | Entered Level 1 of the Snake Pit
 30369 | Snake:1  | Reached skill level 5 in Throwing
 30601 | Snake:1  | Reached skill level 10 in Armour
 30685 | Snake:1  | Identified the +0 buckler of Okawaru's Condemnation {rF-
                  | Int+5} (Okawaru gifted it to you on level 1 of the Snake
                  | Pit)
 30685 | Snake:1  | Received a gift from Okawaru
 31576 | Snake:2  | Found a runed translucent gate.
 31580 | Snake:2  | Found a runed translucent gate.
 31590 | Snake:2  | Found a runed translucent gate.
 31600 | Snake:2  | Noticed Ylieph's ghost (journeyman DECj)
 31899 | Snake:2  | Found a sacrificial altar of Ru.
 32019 | Snake:2  | Reached XP level 17. HP: 108/108 MP: 20/20
 32530 | Snake:3  | Received a gift from Okawaru
 32695 | Snake:3  | Noticed Agnes
 32709 | Snake:3  | Killed Agnes
 32827 | Snake:3  | Found a runed translucent gate.
 32865 | Snake:3  | Found a runed translucent gate.
 32866 | Snake:3  | Found a runed translucent gate.
 32868 | Snake:3  | Noticed Ciawup's ghost (adept MiBe)
 32979 | Snake:3  | Killed Ciawup's ghost
 32986 | Snake:3  | Identified the +2 pair of boots of Rolebyb {Rampage rC-
                  | rN+}
 33440 | Snake:3  | Identified a scroll of acquirement
 33440 | Snake:3  | Acquired a manual of Evocations
 33493 | Snake:4  | Entered Level 4 of the Snake Pit
 33516 | Snake:4  | Identified the +3 pair of boots "Yjimaxta" {rPois rF+ rC+}
                  | (Okawaru gifted it to you on level 4 of the Snake Pit)
 33516 | Snake:4  | Received a gift from Okawaru
 34164 | Snake:4  | Reached skill level 15 in Fighting
 34252 | Snake:4  | Reached XP level 18. HP: 86/119 MP: 21/21
 34345 | Snake:4  | Received a gift from Okawaru
 34481 | Snake:4  | Got a serpentine rune of Zot
 34954 | Shoals:1 | Entered Level 1 of the Shoals
 34969 | Shoals:1 | Identified the +1 scale mail of Ohebruorgh {rPois rF+}
 35038 | Shoals:1 | Noticed Roxanne
 35080 | Shoals:1 | Killed Roxanne
 35108 | Shoals:1 | Received a gift from Okawaru
 35339 | Shoals:1 | Noticed Jorgrun
 35418 | Shoals:1 | Killed Jorgrun
 35714 | Shoals:1 | Noticed Aizul
 35732 | Shoals:1 | Killed Aizul
 36044 | Shoals:2 | Noticed Polyphemus
 36070 | Shoals:2 | Killed Polyphemus
 36111 | Shoals:2 | Received a gift from Okawaru
 36132 | Shoals:2 | Noticed Donald
 36178 | Shoals:2 | Found a runed translucent door.
 36178 | Shoals:2 | Found Wiem's Armour Shop.
 36179 | Shoals:2 | Found a shimmering altar of Xom.
 36179 | Shoals:2 | Noticed Wano's ghost (adept DrTm)
 36179 | Shoals:2 | Identified the +3 glaive of Chaos {chaos, *Noise rN++ rCorr
                  | MP+9}
 36495 | Elf:1    | Entered Level 1 of the Elven Halls
 36530 | Elf:1    | Noticed Frances
 36555 | Elf:1    | Killed Frances
 36715 | Elf:1    | Noticed Azrael
 36730 | Elf:1    | Killed Azrael
 36733 | Abyss:2  | Cast into level 2 of the Abyss (a deep elf demonologist)
 36805 | Abyss:2  | Noticed a tentacled monstrosity
 36825 | Abyss:2  | Killed a tentacled monstrosity
 37214 | Elf:1    | Escaped the Abyss
 37241 | Elf:1    | Identified the +5 scale mail of Plog {rElec rF- Will++}
                  | (Okawaru gifted it to you on level 1 of the Elven Halls)
 37241 | Elf:1    | Received a gift from Okawaru
 37274 | Elf:1    | Reached XP level 19. HP: 128/128 MP: 22/22
 37688 | Elf:1    | Found Ytygem's Armour Shoppe.
 37693 | Elf:1    | Bought the +1 cloak of Starlight {*Dazzle EV+4 Stlth--} for
                  | 335 gold pieces
 37693 | Elf:1    | Found the +1 cloak of Starlight {*Dazzle EV+4 Stlth--}
 38007 | Elf:1    | Found Togik's One-of-a-Kind Rings.
 38245 | Elf:2    | Found a runed translucent gate.
 38245 | Elf:2    | Found a runed translucent gate.
 38246 | Elf:2    | Found a runed translucent gate.
 38792 | Elf:3    | Entered Level 3 of the Elven Halls
 38847 | Elf:3    | Found Kesaez's Weapon Shop.
 38866 | Elf:3    | Found a frozen archway.
 38885 | Elf:3    | Received a gift from Okawaru
 38890 | IceCv    | Entered an ice cave
 38967 | IceCv    | Got the ring "Irelowod" {Ice rPois rN+ Dex+3}
 39219 | IceCv    | Found a viscous altar of Jiyva.
 39856 | Elf:3    | Paralysed by an air elemental for 1 turns
 40204 | Elf:3    | Reached XP level 20. HP: 137/137 MP: 23/23
 40254 | Elf:3    | Received a gift from Okawaru
 40261 | Abyss:3  | Cast into level 3 of the Abyss (a deep elf demonologist)
 40379 | Abyss:3  | Reached skill level 10 in Dodging
 40444 | Abyss:3  | Identified the +0 hat "Surphuen" {rPois rC- Int+4 SInv}
                  | (Okawaru gifted it to you on level 3 of the Abyss)
 40444 | Abyss:3  | Received a gift from Okawaru
 40518 | Abyss:3  | Gained mutation: Armour fits poorly on your strangely
                  | shaped body. [a shining eye]
 40548 | Elf:3    | Escaped the Abyss
 40706 | Elf:3    | Reached skill level 15 in Evocations
 40723 | Elf:3    | Reached skill level 15 in Armour
 40899 | Elf:3    | Found the +8 storm bow {elec, penet}
 40922 | Elf:3    | Identified the +1 robe "Watraestre" {rElec rC+}
 40932 | Elf:3    | Identified the ring "Ydgheum" {rF+ rC+ Will+ rCorr Str+3}
 40948 | Elf:3    | Identified the +1 short sword of the Grand God {pain,
                  | +Blink}
 40950 | Elf:3    | Got the Folio of Assistive Conjuration
 40952 | Elf:3    | Identified the +7 war axe of Garpheett {vamp, Drain Will+
                  | rCorr Int+4}
 40957 | Elf:3    | Identified the +7 falchion of Capital Punishment {flame,
                  | rN+}
 40982 | Elf:3    | Identified the +12 falchion "Tauvir" {vorpal, Int+3 Dex+3}
 41561 | Shoals:2 | Noticed Ilsuiw
 41567 | Shoals:2 | Reached skill level 1 in Ranged Weapons
 41575 | Shoals:2 | Killed Ilsuiw
 41723 | Shoals:2 | Killed Donald
 43006 | Shoals:4 | Entered Level 4 of the Shoals
 43580 | Shoals:4 | Received a gift from Okawaru
 43580 | Shoals:4 | Received a gift from Okawaru
 43614 | Shoals:4 | Got a barnacled rune of Zot
 43670 | Shoals:4 | Reached XP level 21. HP: 38/146 MP: 25/25
 43772 | Shoals:4 | Reached skill level 5 in Ranged Weapons
 44405 | Depths:1 | Entered Level 1 of the Depths
 44622 | Depths:1 | Found a broken altar of Ashenzari.
 44646 | Depths:1 | Found a gateway to Hell.
 44757 | Depths:1 | Received a gift from Okawaru
 44996 | Depths:1 | Found a one-way gate to the infinite horrors of the Abyss.
 45119 | Depths:1 | Received a gift from Okawaru
 45165 | Depths:1 | Noticed Bai Suzhen
 45196 | Depths:1 | Killed Bai Suzhen
 45196 | Depths:1 | Received a gift from Okawaru
 45396 | Depths:1 | Found a one-way gate leading to the halls of Pandemonium.
 45924 | Depths:2 | Paralysed by a floating eye for 3 turns
 45987 | Depths:2 | Noticed Sojobo
 46025 | Depths:2 | Killed Sojobo
 46068 | Depths:2 | Found a one-way gateway to a ziggurat.
 46085 | Depths:2 | Received a gift from Okawaru
 46175 | Depths:2 | Reached skill level 10 in Invocations
 46530 | Depths:2 | Found Loprej's Jewellery Emporium.
 46530 | Depths:2 | Found Hotyef's Book Boutique.
 46531 | Depths:2 | Found Cyhiz's Jewellery Emporium.
 47109 | Depths:2 | Mangled by a spriggan berserker

Illustrated notes

Levels and vault maps discovered:
D:1:      elethiomel_arrival_maze, layout_loops_corners, minmay_cupped
D:2:      layout_basic, dreamdust_ecumenical_altar_angels_and_demons,
          uniq_robin, uniq_jessica
D:3:      layout_loops_ring, grunt_decor_arrowhead, minmay_pentangle,
          uniq_sigmund
D:4:      layout_basic, minmay_temple_entry_butterflies, enter_ossuary_1,
          minmay_unequal
D:5:      layout_basic
D:6:      layout_gridville, makhleb_blood_cavern_becter, serial_shops,
          kennysheep_mini_moat
D:7:      minmay_thinvault, layout_loops_ring, minmay_bent,
          uniq_crazy_yiuf_cottage, uniq_pikel
D:8:      layout_basic, chequers_temple_overflow_statue_of_worship,
          general_overflow_altar, minitemple, erik_lair_orcish_takeover,
          grunt_decor_mini_mirrors, nicolae_shop_clearance, uniq_grum
D:9:      layout_long_grid, gammafunk_ghost_grave,
          hellmonk_guarded_unrand_vitality_bloodlust, uniq_prince_ribbit1
D:10:     layout_irregular_city, okawaru_humans,
          nicolae_dithmenos_through_a_glass_darkly
D:11:     layout_basic, ebering_ghost_inner_flame, uniq_fannar, uniq_urug
D:12:     minmay_the_grid_octo_triangle [minmay_the_grid_octo_tetromino_candy,
          minmay_the_grid_octo_prize_square_snowflake,
          minmay_the_grid_octo_empty], layout_stronghold, hiddenorc1_lemuel,
          serial_glass, glass_columns_a, glass_columns_a, feat_on_display,
          feat_on_display, item_on_display_a,
          hangedman_abyss_or_decor_lesser_grid, nicolae_transmutations_shop,
          hangedman_decor_slide_cut, drop_trap, nicolae_uskayaw_suspiria
D:13:     layout_rooms, david_vaults_4, drop_trap
D:14:     wad_arrow_thing, layout_loops_ring, nicolae_vehumet_altar_sigil,
          kennysheep_cluttered_room, uniq_lodul
D:15:     hangedman_depths_entry_try_elsewhere_first, layout_loops_cross,
          chequers_serial_rivers_large_b
Temple:   grunt_temple_mini_profane
Lair:1:   layout_layer_cave, beast_lair_carwin_11, serial_bayou_shore_a,
          grunt_megastairs_4
Lair:2:   layout_cellular_growth, wad_woods_06
Lair:3:   layout_loops_ring, elwin_shoals_entry_rooms, dummy_snake_entry,
          basic_altar, serial_bayou_shore_b, uniq_kirke
Lair:4:   beast_lair_carwin_large_2, layout_gridlike, dpeg_slime_entry_enclosed,
          ebering_ghost_disaster_area
Lair:5:   minmay_lair_end_enchanted_forest, layout_small_grid,
          nicolae_lair_liquid_snakes
Shoals:1: layout_shoals, yaktaur_hedge, uniq_roxanne, uniq_jorgrun, uniq_aizul
Shoals:2: layout_shoals, serial_shops, nicolae_shop_crystal, ebering_ghost_xom,
          uniq_polyphemus, uniq_donald, uniq_ilsuiw
Shoals:3: layout_shoals
Shoals:4: shoals_end_simple, layout_shoals, shoals_ilsuiw_alternative,
          nicolae_splish_splash
Snake:1:  nicolae_snake_hallway, layout_concentric_octagons
Snake:2:  layout_misc_corridors, basic_altar, gammafunk_ghost_necromancy,
          nicolae_snake_gridmaze_spiral, nicolae_snake_ghostly_warrior_ritual
Snake:3:  layout_misc_corridors, ebering_ghost_rock_garden,
          nicolae_snake_gridmaze_big_u, uniq_agnes
Snake:4:  snake_pit, layout_cave_town, grunt_megastairs_1, serial_bayou_shore_b
Orc:1:    layout_caves
Orc:2:    st_orc_rangers, layout_diamond_mine
Elf:1:    minmay_elf_arrival_plus, layout_loops_cross, serial_shops,
          nicolae_shop_hallway_stairs, hangedman_elven_crosses_minicolossus,
          nicolae_shop_unique_rings, chequers_hall_statues_wall_a, uniq_azrael,
          uniq_frances
Elf:2:    nicolae_elf_blades_splatter_lattice [grunt_blade_entry_basic],
          layout_gridlike, grunt_megastairs_2, uniq_zenata
Elf:3:    elf_hall, layout_loops_corners, portal_ice_cave_entry_ice_statue_two,
          serial_shops, nicolae_square_shop
Depths:1: nicolae_cairo_tiling_very_big, layout_gridlike,
          grunt_pan_entry_in_and_out, hex_intersection,
          marbit_kobold_abyss_entry, hell_entry, nicolae_ashenzari_skybound,
          uniq_bai_suzhen
Depths:2: kennysheep_big_flooded_room, layout_cave_pools, enter_ziggurat_e,
          hangedman_decor_diamond_cutter, pan_entry, hangedman_geh_valley,
          amcnicky_mini_corridor_feature, minmay_shop_grove,
          infiniplex_staircase_spiral, serial_bayou_shore_b,
          serial_bayou_shore_b, uniq_sojobo
Depths:3: nzn_winding_woodlands_huge [nzn_winding_woodlands_5x15_cabin,
          nzn_winding_woodlands_5x15_lazy_stream,
          nzn_winding_woodlands_5x15_crooked, nzn_winding_woodlands_5x15_eye,
          nzn_winding_woodlands_5x15_twine, nzn_winding_woodlands_5x15_parted,
          nzn_winding_woodlands_5x15_pathside_ponds,
          nzn_winding_woodlands_5x15_jagged,
          nzn_winding_woodlands_5x15_sidewinder,
          nzn_winding_woodlands_5x15_zeroes, nzn_winding_woodlands_center_lodge,
          nzn_winding_woodlands_center_garden,
          nzn_winding_woodlands_15x15_thick_spiral], layout_basic,
          hangedman_coc_ice_floe, abyss_entry, zin_academy,
          minmay_staircase_windowed_small, uniq_saint_roka

Skill      XL: |  1  2  3  4  5  6  7  8  9 10 11 12 13 14 15 16 17 18 19 20 21 |
---------------+----------------------------------------------------------------+-----
Evocations     | 3 4 5 6 7 8 10 12 14 15 16 | 16.0
Fighting       | 2 3 4 5 6 9 12 15 17 18 20 | 20.0
Axes           | 2 3 5 7 10 11 13 16 18 20 | 20.2
Dodging        | 3 5 7 8 9 10 | 10.7
Invocations    | 4 5 10 | 10.0
Armour         | 4 8 10 12 13 14 15 | 15.0
Throwing       | 3 6 |  6.0
Ranged Weapons | 4 9 |  9.5
Stealth        | |  1.1

Action                   |  1- 3 |  4- 6 |  7- 9 | 10-12 | 13-15 | 16-18 | 19-21 || total
-------------------------+-------+-------+-------+-------+-------+-------+-------++-------
Melee: Club              |   121 |       |       |       |       |       |       ||   121
       Punch             |     4 |     4 |     4 |     3 |     1 |       |       ||    16
       Dagger            |   118 |   250 |    12 |       |       |       |       ||   380
       Short sword       |       |    85 |   421 |   446 |       |       |       ||   952
       War axe           |       |       |   112 |       |       |       |       ||   112
       Battleaxe         |       |       |       |   311 |  1023 |  1331 |  1606 ||  4271
       Dire flail        |       |       |       |    11 |       |       |       ||    11
       Hand axe          |       |       |       |     8 |    34 |       |       ||    42
       Unarmed           |       |       |       |       |     3 |       |       ||     3
 Fire: Sling             |       |    28 |     3 |       |       |       |       ||    31
       Arbalest          |       |       |       |       |    42 |     1 |       ||    43
       Longbow           |       |       |       |       |       |       |    16 ||    16
Throw: Dart              |       |     2 |    13 |    17 |     4 |    14 |       ||    50
       Boomerang         |       |       |     5 |     2 |       |       |       ||     7
       Javelin           |       |       |       |       |       |     4 |     6 ||    10
Invok: Heroism           |       |       |       |     1 |     2 |     1 |     2 ||     6
       Finesse           |       |       |       |       |     2 |     7 |     6 ||    15
Evoke: Wand              |     6 |     9 |    21 |    15 |     3 |    10 |     5 ||    69
       Phantom mirror    |       |       |       |     1 |       |       |       ||     1
       Tin of tremorston |       |       |       |       |       |       |     4 ||     4
  Use: Scroll            |       |       |     7 |    14 |     8 |     6 |     4 ||    39
       Potion            |       |       |       |     2 |     1 |     1 |     6 ||    10
 Stab: Sleeping          |     2 |       |       |       |     6 |       |       ||     8
       Distracted        |       |       |       |       |       |     1 |       ||     1
       Invisible         |       |       |       |       |       |       |    29 ||    29
Armor: Leather armour    |   109 |   130 |       |       |       |       |       ||   239
       Ring mail         |       |    22 |   355 |   592 |   427 |       |       ||  1396
       Plate armour      |       |       |       |       |   320 |   935 |  1047 ||  2302
Dodge: Dodged            |   164 |   163 |   280 |   448 |   491 |   426 |   862 ||  2834
Block: Kite shield       |       |       |    58 |       |       |       |       ||    58

Table legend: (Time is in decaauts)
 A = Elapsed time spent in this place.
 B = Non-inter-level travel time spent in this place.
 C = Inter-level travel time spent in this place.
 D = Time resting spent in this place.
 E = Time spent auto-exploring this place.
 F = Levels seen in this place.
 G = Mean time per level.
                   A        B        C        D        E       F      G
               +--------+--------+--------+--------+--------+-----+--------+
         Total |  45998 |  41836 |   4162 |   7448 |  23163 |  41 | 1121.9 |
       Dungeon |  23140 |  20617 |   2523 |   5515 |  10665 |  15 | 1542.7 |
        Temple |    210 |    173 |     37 |      0 |    169 |   1 |  210.0 |
          Lair |   5762 |   5124 |    638 |    389 |   3397 |   5 | 1152.4 |
        Shoals |   3888 |   3663 |    225 |    283 |   2282 |   4 |  972.0 |
     Snake Pit |   4274 |   3997 |    277 |    480 |   2298 |   4 | 1068.5 |
  Orcish Mines |   1390 |   1214 |    176 |     89 |    710 |   2 |  695.0 |
   Elven Halls |   3266 |   3073 |    193 |    277 |   1779 |   3 | 1088.7 |
        Depths |   2471 |   2380 |     91 |    357 |   1229 |   3 |  823.7 |
         Abyss |    702 |    702 |      0 |     24 |    276 |   2 |  351.0 |
       Ossuary |    486 |    486 |      0 |      0 |    259 |   1 |  486.0 |
      Ice Cave |    406 |    406 |      0 |     31 |     99 |   1 |  406.0 |
               +--------+--------+--------+--------+--------+-----+--------+

Top non-repeatable levels by time:
     D:8: 3899 daAuts
     D:7: 3057 daAuts
     D:1: 2508 daAuts
     D:2: 1764 daAuts
   Elf:3: 1511 daAuts
  Lair:5: 1446 daAuts
     D:9: 1436 daAuts
Depths:2: 1365 daAuts
  Lair:1: 1308 daAuts
     D:3: 1302 daAuts
 Snake:4: 1230 daAuts
    D:14: 1211 daAuts
  Lair:3: 1200 daAuts
     D:5: 1197 daAuts
 Snake:1: 1148 daAuts
